[Event "Early-Titled-Tuesday-Blitz-January-23-2024"]
[Site "Chess.com"]
[Date "2024.01.23"]
[Round "4"]
[White "WindWhistler11"]
[Black "lularobs"]
[Result "1-0"]
[WhiteElo "2455"]
[BlackElo "1575"]
[TimeControl "180+1"]
[EndTime "8:36:48 PST"]
[Termination "WindWhistler11 won on time"]

1. Nf3 d5 2. g3 Nf6 3. c4 e6 4.
Bg2 Be7 5. O-O O-O 6. b3 b6 7. Bb2 Bb7 8. e3 dxc4 9. bxc4 Na6 10. Qe2 Nc5 11. d4 Nce4 12. Rd1 Qc8 13. Na3 a6 14. Rac1 Rd8 15. Ne5 c5 16. f3 Nd6 17. Kh1 Nf5 18. Nc2 cxd4 19. exd4 Nd7 20. Nd3 Nf6 21. Ne5 Nd7 22. Ng4 Nf6 23. Nf2 Nd6 24. Ne3 Qb8 25. c5 bxc5 26. dxc5 Nb5 27. c6 Rxd1+ 28. Qxd1 Bc8 29.
f4 Qb6 30. Qe2 Bc5 31. Nc4 Qc7 32. Nd3 Be7 33. Be5 Qd8 34. c7 Nxc7 35. Bxc7 Qxc7 36. Bxa8 Qa7 37. Bg2 Bd7 38. Nce5 Be8 39. Rc8 Kf8 40. Bc6 1-0

[Event "Early-Titled-Tuesday-Blitz-January-23-2024"]
[Site "Chess.com"]
[Date "2024.01.23"]
[Round "4"]
[White "dhammiko"]
[Black "kekic76"]
[Result "0-1"]
[WhiteElo "2140"]
[BlackElo "2321"]
[TimeControl "180+1"]
[EndTime "8:36:48 PST"]
[Termination "kekic76 won by resignation"]

1. g3 d5 2. Bg2 e5 3. d3 Nf6 4. Nc3 c6 5. e4 dxe4 6. Nxe4 Nxe4 7. Bxe4 Bc5 8. Ne2 O-O 9. Be3 Bxe3 10. fxe3 Be6 11. O-O Nd7 12. Nc3 Qb6 13. Qh5 Qxe3+ 14.
Kg2 g6 15. Qd1 f5 16. Re1 Qb6 17. Bf3 Qxb2 18. Qd2 Qb6 19. d4 Rae8 20. d5 cxd5 21.
Nxd5 Qd8 22. Nc3 e4 23. Be2 Ne5 24. Qf4 Qf6 25. Bb5 Rc8 26. Re3 Ng4 0-1

[Event "Early-Titled-Tuesday-Blitz-January-23-2024"]
[Site "Chess.com"]
[Date "2024.01.23"]
[Round "4"]
[White "mishanick"]
[Black "Kiborg95"]
[Result "1-0"]
[WhiteElo "3075"]
[BlackElo "2862"]
[TimeControl "180+1"]
[EndTime "8:36:53 PST"]
[Termination "mishanick won by resignation"]

1. d4 d6 2. e4 Nf6 3. Bd3 e5 4.
Ne2 exd4 5. Nxd4 g6 6. c4 Bg7 7. Nc3 O-O 8. O-O Re8 9. Bc2 Nbd7 10.
f3 c6 11. Kh1 d5 12. exd5 cxd5 13. cxd5 Nb6 14. Ndb5 Nfxd5 15. Nxd5 Nxd5 16. Bb3 Be6 17. Nd4 Nc7 18. Nxe6 Nxe6 19. Bd5 Qb6 20. Qb3 Qxb3 21. axb3 Red8 22. Bxb7 Rab8 23. Ba6 Rxb3 24. Bc4 Rb4 25. Bxe6 fxe6 26. Rxa7 Bxb2 27. Bh6 Rd5 28. g3 Rbd4 29. Rg7+ Kh8 30. Re7 Rd8 31. Bg7+ Kg8 32. Bxd4 1-0

[Event "Early-Titled-Tuesday-Blitz-January-23-2024"]
[Site "Chess.com"]
[Date "2024.01.23"]
[Round "4"]
[White "SpongeBob_03"]
[Black "KChor05"]
[Result "0-1"]
[WhiteElo "2217"]
[BlackElo "2567"]
[TimeControl "180+1"]
[EndTime "8:36:54 PST"]
[Termination "KChor05 won by resignation"]

1. e4 c5 2. Nf3 g6 3. d4 cxd4 4. Nxd4 Bg7 5. c4 Nc6 6. Be3 Nf6 7. Nc3 O-O 8. f3 d6 9. Qd2 Bd7 10. b3 Nxd4 11. Bxd4 a5 12. a4 Bc6 13. Be2 Nd7 14. Bxg7 Kxg7 15. Qd4+ Kg8 16. Rb1 Nc5 17. O-O e5 18.
Qd2 Ne6 19. Rfd1 Nd4 20. Bf1 f5 21. Ne2 fxe4 22. Nxd4 exd4 23. Qxd4 exf3 24. Qxd6 Qg5 25. Qd2 Qh5 26. Qe3 Rae8 27. Qd2 fxg2 28. Bd3 Qc5+ 0-1

[Event "Early-Titled-Tuesday-Blitz-January-23-2024"]
[Site "Chess.com"]
[Date "2024.01.23"]
[Round "4"]
[White "rionelG"]
[Black "JiiHart"]
[Result "1-0"]
[WhiteElo "2319"]
[BlackElo "2132"]
[TimeControl "180+1"]
[EndTime "8:36:54 PST"]
[Termination "rionelG won on time"]

1. e4 c5 2. Nf3 Nc6 3. d4 cxd4 4. Nxd4 Nf6 5. Nc3 d6 6. Nd5 e6 7. Nxf6+ Qxf6 8. Nb5 Qd8 9. Bf4 e5 10. Be3 Be6 11. Be2 Be7 12. O-O O-O 13. c4 f5 14.
exf5 Bxf5 15. Bf3 Kh8 16. Nc3 Be6 17. Nd5 Bxd5 18. Bxd5 Qc7 19. Rc1 Nb4 20. Be4 g6 21. a3 Nc6 22. b4 Bf6 23. h4 Bg7 24. h5 Qf7 25. hxg6 hxg6 26. Qg4 Nd4 27. Qh3+ 1-0

[Event "Early-Titled-Tuesday-Blitz-January-23-2024"]
[Site "Chess.com"]
[Date "2024.01.23"]
[Round "4"]
[White "abhidabhi"]
[Black "ETTrainer"]
[Result "1-0"]
[WhiteElo "2925"]
[BlackElo "2594"]
[TimeControl "180+1"]
[EndTime "8:36:56 PST"]
[Termination "abhidabhi won by resignation"]

1. e4 e5 2. Nf3 Nc6 3. Bb5 g6 4. d4 exd4 5. Bg5 Be7 6. Bxe7 Qxe7 7. Bxc6 dxc6 8. Qxd4 Nf6 9. Nc3 Bg4 10. Nd2 c5 11.
Qe3 O-O-O 12. h3 Bd7 13. O-O-O Bc6 14. Rhe1 b6 15. f3 Rhe8 16. Nf1 h5 17. Qg5 Kb7 18.
Ne3 Rxd1+ 19. Rxd1 Qe5 20. Qxe5 Rxe5 21. h4 a5 22. a4 Re8 23. b3 Kc8 24. Nb5 Bxb5 25. axb5 Rd8 26. Rxd8+ Kxd8 27. Kd2 Kd7 28. Nc4 Ne8 29. e5 Ng7 30. g4 Ne6 31. c3 Nf4 32. Ke3 Ng2+ 33. Kf2 Nxh4 34. Kg3 hxg4 35. Kxh4 gxf3 36.
Kg3 Ke6 37. Kxf3 f6 38. exf6 Kxf6 39. Kf4 Ke6 40. Ne3 Kd6 41. c4 Ke6 42. Nd5 Kd6 43.
Kg5 Ke5 44. Nxc7 Kd4 45. Nd5 Kd3 46. Nxb6 Kc2 47. Nd7 Kxb3 48. b6 a4 49. b7 1-0

[Event "Early-Titled-Tuesday-Blitz-January-23-2024"]
[Site "Chess.com"]
[Date "2024.01.23"]
[Round "4"]
[White "Ural_bogatyr"]
[Black "GianmarcoVaR"]
[Result "0-1"]
[WhiteElo "2537"]
[BlackElo "2757"]
[TimeControl "180+1"]
[EndTime "8:36:56 PST"]
[Termination "GianmarcoVaR won by resignation"]

1. d4 Nf6 2. Nc3 d5 3. Bf4 a6 4.
e3 b6 5. Nf3 Bb7 6. Ne5 e6 7.
g4 c5 8. g5 Nfd7 9. h4 Nc6 10.
Nxc6 Bxc6 11. Bh3 b5 12. Ne2 Nb6 13. Kf1 Bd6 14. Kg2 Qe7 15. Bxd6 Qxd6 16. f4 O-O-O 17. b3 Kb7 18. a4 bxa4 19. bxa4 Ka7 20. c3 Rb8 21. Kf2 Nc4 22. dxc5 Qxc5 23. Qd4 Qxd4 24. Nxd4 Rb2+ 25. Kg3 Bd7 26. Rhb1 Rxb1 27. Rxb1 Nxe3 28. Kf2 Nc4 29. Bf1 Nd6 30. a5 Ne4+ 31. Ke3 Rc8 32. c4 Rc5 33. Rb6 Rxa5 34. Rb3 Ra1 35. Bg2 Re1+ 36.
Kd3 Nc5+ 37. Kd2 Nxb3+ 38. Kxe1 Nxd4 0-1

[Event "Early-Titled-Tuesday-Blitz-January-23-2024"]
[Site "Chess.com"]
[Date "2024.01.23"]
[Round "4"]
[White "m_ezat"]
[Black "crazy_but_lazy"]
[Result "1-0"]
[WhiteElo "2457"]
[BlackElo "2616"]
[TimeControl "180+1"]
[EndTime "8:36:57 PST"]
[Termination "m_ezat won by resignation"]

1. d4 d5 2. c4 c6 3. Nc3 Nf6 4.
cxd5 cxd5 5. Bf4 Nc6 6. e3 Bg4 7. Qb3 Na5 8. Bb5+ Bd7 9. Qa4 Nc6 10. Nf3 e6 11. Ne5 Nxe5 12. dxe5 Nh5 13. Bg5 f6 14. exf6 Nxf6 15. Bxf6 gxf6 16. Qg4 Bxb5 17. Qxe6+ Be7 18. Nxb5 Qa5+ 19. Nc3 Rd8 20. O-O Rd6 21. Qg4 Kf7 22. Rad1 Rhd8 23. Rd4 Qb6 24. Qh5+ Kg7 25. Rg4+ Kh8 26. Qf7 1-0

[Event "Early-Titled-Tuesday-Blitz-January-23-2024"]
[Site "Chess.com"]
[Date "2024.01.23"]
[Round "4"]
[White "jcibarra"]
[Black "AwareIdea"]
[Result "1-0"]
[WhiteElo "2833"]
[BlackElo "2533"]
[TimeControl "180+1"]
[EndTime "8:37:00 PST"]
[Termination "jcibarra won by resignation"]

1. e4 e5 2. Nf3 Nc6 3. Bb5 Nf6 4. O-O Nxe4 5. d4 Nd6 6. dxe5 Nxb5 7. a4 Nbd4 8. Nxd4 Nxd4 9. Qxd4 d5 10. Qd3 Be7 11.
Qg3 g5 12. Nc3 Be6 13. Rd1 Rg8 14. Nxd5 Bxd5 15. c4 c6 16. cxd5 cxd5 17. Qb3 Qd7 18. Rxd5 Qc6 19. Be3 b6 20. Rc1 Qe6 21. Qb5+ Kf8 22.
h3 Rc8 23. Rxc8+ Qxc8 24. Qd3 Rg6 25. Rd7 g4 26. hxg4 Rxg4 27. Qxh7 Rxg2+ 28. Kxg2 Qc6+ 29. f3 1-0

[Event "Early-Titled-Tuesday-Blitz-January-23-2024"]
[Site "Chess.com"]
[Date "2024.01.23"]
[Round "4"]
[White "Cheer_Down"]
[Black "Andrey_Klymchuk"]
[Result "1-0"]
[WhiteElo "2454"]
[BlackElo "2745"]
[TimeControl "180+1"]
[EndTime "8:37:02 PST"]
[Termination "Cheer_Down won by resignation"]

1. e4 c6 2. d4 d5 3. e5 Bf5 4.
h4 h5 5. Bd3 Bxd3 6. Qxd3 Qa5+ 7. b4 Qxb4+ 8. Nd2 e6 9. Rb1 Qe7 10. c4 Qc7 11. Ngf3 Nh6 12. O-O dxc4 13. Nxc4 Nd7 14.
Ba3 Nb6 15. Bxf8 Kxf8 16. Nd6 g6 17. a4 Nf5 18. a5 Nxd6 19. axb6 Qd8 20. exd6 a6 21. Ne5 Kg7 22. Nc4 Qxh4 23. Rfe1 Rad8 24. Re5 Qf4 25. Rbe1 h4 26. R1e4 Qc1+ 27. Kh2 Qh6 28. Rg4 h3 29. gxh3 Rd7 30. Reg5 Rh7 31. Ne5 Rxd6 32.
Rxg6+ fxg6 33. Rxg6+ Kf8 34. Rxh6 Rxh6 35. Qf3+ 1-0

[Event "Early-Titled-Tuesday-Blitz-January-23-2024"]
[Site "Chess.com"]
[Date "2024.01.23"]
[Round "4"]
[White "fks_stal_mielec"]
[Black "Zgorl"]
[Result "0-1"]
[WhiteElo "2247"]
[BlackElo "2509"]
[TimeControl "180+1"]
[EndTime "8:37:04 PST"]
[Termination "Zgorl won by resignation"]

1. e4 c5 2. c4 g6 3. Nc3 Bg7 4. g3 Nc6 5. Bg2 d6 6. d3 a6 7.
Nge2 Rb8 8. a4 e6 9. Be3 Nd4 10. O-O Ne7 11. f4 O-O 12. Bxd4 cxd4 13. Nb1 b5 14. axb5 axb5 15. b3 Bb7 16. Nd2 bxc4 17. bxc4 Nc6 18. Nb3 e5 19. f5 Bh6 20. fxg6 hxg6 21.
Ra3 Be3+ 22. Kh1 Kg7 23. Qa1 Rh8 24. h3 Bc8 25. Kh2 Bxh3 26. Rh1 Bg4+ 27. Bh3 Rxh3+ 28. Kg2 Rxh1 29. Qxh1 Bxe2 30. Nc1 Bg4 31. Qf1 Rb2+ 32. Kh1 Qh8+ 0-1

[Event "Early-Titled-Tuesday-Blitz-January-23-2024"]
[Site "Chess.com"]
[Date "2024.01.23"]
[Round "4"]
[White "Druid24"]
[Black "Egorov_Pavel"]
[Result "1-0"]
[WhiteElo "2702"]
[BlackElo "2498"]
[TimeControl "180+1"]
[EndTime "8:37:05 PST"]
[Termination "Druid24 won by resignation"]

1. e4 c5 2. Nf3 Nf6 3. e5 Nd5 4. Nc3 e6 5. Nxd5 exd5 6. d4 Nc6 7. dxc5 Bxc5 8. Qxd5 Qb6 9. Bc4 Bxf2+ 10. Ke2 O-O 11. Rf1 Bc5 12. Ng5 Nd4+ 13. Kd1 Ne6 14. Ne4 d6 15. exd6 Rd8 16. Bf4 Qxb2 17. Be5 Bd4 18. Bxd4 Qxd4+ 19. Qxd4 Nxd4 20. Rxf7 Be6 21. Bxe6 Nxe6 22.
Rxb7 Rac8 23. Rab1 Rc4 24. R1b4 Rxe4 25. Rxe4 Nc5 26. Ree7 Nxb7 27. Rxb7 Rxd6+ 28. Kc1 Ra6 29. Kb2 h5 30. Kb3 Kh7 31. c4 Kh6 32. c5 g5 33.
a4 g4 34. Kb4 Kg5 35. Kb5 Re6 36.
c6 a6+ 37. Kb6 Kf4 38. Rf7+ Ke3 39. Kb7 Re4 40. c7 Rb4+ 41. Kxa6 Rxa4+ 42. Kb5 Ra8 43. Kb6 1-0

[Event "Early-Titled-Tuesday-Blitz-January-23-2024"]
[Site "Chess.com"]
[Date "2024.01.23"]
[Round "4"]
[White "mertfelin"]
[Black "Grindaveci"]
[Result "1-0"]
[WhiteElo "2285"]
[BlackElo "2497"]
[TimeControl "180+1"]
[EndTime "8:37:05 PST"]
[Termination "mertfelin won by resignation"]

1. e4 e5 2. Nf3 Nc6 3. Bc4 Nf6 4. d3 Bc5 5. c3 d6 6. O-O a6 7. Bb3 Ba7 8. Re1 O-O 9. h3 Be6 10. Nbd2 Ne7 11. Nf1 Ng6 12. d4 Re8 13. Ng3 h6 14. Be3 exd4 15. Bxd4 Qd7 16. Bxa7 Rxa7 17. Bc2 Nf4 18.
Qd2 g5 19. e5 Bxh3 20. exf6 Raa8 21. Re7 Rxe7 22. fxe7 Bxg2 23. Qe3 Re8 24. Re1 Nd5 25. Qe4 Nf6 26. Qxb7 d5 27. Kxg2 Rxe7 28. Rxe7 Qxe7 29. Qc6 Ng4 30. Qa8+ 1-0

[Event "Early-Titled-Tuesday-Blitz-January-23-2024"]
[Site "Chess.com"]
[Date "2024.01.23"]
[Round "4"]
[White "Roedor"]
[Black "SulfatoFerroso"]
[Result "0-1"]
[WhiteElo "2292"]
[BlackElo "2027"]
[TimeControl "180+1"]
[EndTime "8:37:05 PST"]
[Termination "SulfatoFerroso won by checkmate"]

1. c4 e5 2. Nc3 Nf6 3. g3 Nc6 4. Bg2 Bb4 5. Nd5 Bc5 6. a3 d6 7.
e3 Nxd5 8. cxd5 Ne7 9. Ne2 Bb6 10. O-O h5 11. h4 g5 12. hxg5 h4 13. f4 h3 14. Be4 h2+ 15. Kh1 Bh3 16. Rf2 c6 17.
Nc3 exf4 18. gxf4 Qd7 19. b4 Nf5 20. Qf3 Nh4 21. dxc6 bxc6 22. Bxc6 Nxf3 23. Bxd7+ Kxd7 24. Rxf3 Rh4 25. Nd5 Bg2+ 26. Kxg2 h1=Q+ 27. Kf2 Rh2+ 28. Kg3 Qg2# 0-1

[Event "Early-Titled-Tuesday-Blitz-January-23-2024"]
[Site "Chess.com"]
[Date "2024.01.23"]
[Round "4"]
[White "MaxLeto"]
[Black "SujanaLohani"]
[Result "1-0"]
[WhiteElo "2301"]
[BlackElo "1983"]
[TimeControl "180+1"]
[EndTime "8:37:05 PST"]
[Termination "MaxLeto won on time"]

1. g4 c5 2. c3 Nc6 3. d4 cxd4 4. cxd4 d5 5. g5 h6 6. g6 fxg6 7. Nf3 Nf6 8. Rg1 Bf5 9. Nc3 e6 10. Bf4 Bb4 11. Qb3 Ne4 12. e3 Qa5 13. Rc1 O-O 14. Be2 Rac8 15. Nd2 Nxd2 16. Kxd2 a6 17. a3 Be7 18. Qxb7 Bf6 19. Bd6 Rfd8 20. Bb4 Nxb4 21.
Qxb4 Qc7 22. Nxd5 Qxh2 23. Ne7+ 1-0

[Event "Early-Titled-Tuesday-Blitz-January-23-2024"]
[Site "Chess.com"]
[Date "2024.01.23"]
[Round "4"]
[White "Ati1517"]
[Black "ExchangeAB"]
[Result "0-1"]
[WhiteElo "2223"]
[BlackElo "2439"]
[TimeControl "180+1"]
[EndTime "8:37:08 PST"]
[Termination "ExchangeAB won by resignation"]

1. e4 c6 2. d4 d5 3. Nc3 dxe4 4. Nxe4 Nf6 5. Nxf6+ exf6 6. Bc4 Na6 7. Nf3 Nc7 8. O-O Bd6 9. Re1+ Be6 10. d5 cxd5 11. Bd3 O-O 12. c3 Bg4 13. Be3 Ne6 14.
h3 Bh5 15. Qc2 Bg6 16. Rad1 Qa5 17. Bxg6 hxg6 18. a3 Rfd8 19. Qd3 f5 20. Nd4 Nc5 21. Qc2 Ne4 22. f3 Nf6 23. Bg5 Bg3 24. Re7 Re8 25. Rxb7 Qc5 26. b4 Qc4 27. Bxf6 gxf6 28. Qb3 Rac8 29. Qxc4 Rxc4 30. Ne2 f4 31. Nxg3 fxg3 32. Rd7 Rxc3 33. R7xd5 Rc2 34. b5 Ree2 0-1

[Event "Early-Titled-Tuesday-Blitz-January-23-2024"]
[Site "Chess.com"]
[Date "2024.01.23"]
[Round "4"]
[White "Jenia84"]
[Black "anasta10"]
[Result "0-1"]
[WhiteElo "2327"]
[BlackElo "2527"]
[TimeControl "180+1"]
[EndTime "8:37:10 PST"]
[Termination "anasta10 won by resignation"]

1. Nf3 Nf6 2. g3 g6 3. Bg2 Bg7 4. O-O O-O 5. d4 d5 6. Bg5 h6 7. Be3 c5 8. h3 c4 9. Nbd2 b5 10.
c3 Bb7 11. Nh2 a6 12. f4 e6 13. Bf2 Nbd7 14. g4 Ne8 15. e4 dxe4 16. Nxe4 Rb8 17. f5 exf5 18. gxf5 gxf5 19. Ng3 Bxg2 20. Kxg2 f4 21. Nf5 Qg5+ 22. Qg4 Nef6 23. Qxg5 hxg5 24. Ng4 Rfe8 25. Rae1 Re6 26. Kf3 Rbe8 27. Ngh6+ Bxh6 28. Nxh6+ Kg7 29. Nf5+ Kg6 30. Rxe6 Rxe6 31. d5 Nxd5 32.
Nd4 Re8 33. h4 f6 34. Rd1 Ne5+ 35. Kg2 Nd3 36. b3 Nxc3 0-1

[Event "Early-Titled-Tuesday-Blitz-January-23-2024"]
[Site "Chess.com"]
[Date "2024.01.23"]
[Round "4"]
[White "SAInt_666"]
[Black "Jumbo"]
[Result "1/2-1/2"]
[WhiteElo "2685"]
[BlackElo "2969"]
[TimeControl "180+1"]
[EndTime "8:37:14 PST"]
[Termination "Game drawn by repetition"]

1. e4 c5 2. Nf3 d6 3. Bb5+ Bd7 4. Bxd7+ Nxd7 5. c3 Ngf6 6. Qe2 e6 7. d4 Be7 8. O-O O-O 9. e5 Ne8 10. Bf4 Qb6 11.
Nbd2 cxd4 12. cxd4 d5 13. h4 Nc7 14. h5 h6 15. Qe3 Kh7 16. Qd3+ Kg8 17. Qe3 Rfc8 18.
g4 Bf8 19. g5 hxg5 20. Nxg5 Qxb2 21. Qd3 f5 22. exf6 Nxf6 23. h6 gxh6 24. Qg6+ Bg7 25.
Nf7 Qxd4 26. Nxh6+ Kh8 27. Nf7+ Kg8 28. Nh6+ Kh8 29.
Be5 Qxd2 30. Bxf6 Ne8 31. Bxg7+ Nxg7 32. Nf7+ Kg8 33. Nh6+ Kh8 34. Nf7+ Kg8 35. Nh6+ Kh8 1/2-1/2

[Event "Early-Titled-Tuesday-Blitz-January-23-2024"]
[Site "Chess.com"]
[Date "2024.01.23"]
[Round "4"]
[White "Alexei_Gubajdullin"]
[Black "Raud100"]
[Result "1-0"]
[WhiteElo "2581"]
[BlackElo "2385"]
[TimeControl "180+1"]
[EndTime "8:37:15 PST"]
[Termination "Alexei_Gubajdullin won by resignation"]

1. e4 d6 2. d4 Nf6 3. Nc3 g6 4. Be3 c6 5. Qd2 b5 6. f3 Nbd7 7. O-O-O Nb6 8. h4 Rb8 9. g4 h5 10. g5 Nfd7 11. f4 Bg7 12. f5 O-O 13. Nh3 Re8 14. Nf4 Nf8 15. b3 a5 16. Bh3 a4 17.
Nce2 axb3 18. cxb3 Ra8 19. Kb1 Nbd7 20. fxg6 fxg6 21.
Ne6 Nxe6 22. Bxe6+ Kh7 23. Bf7 Rf8 24. Rhf1 Nb6 25. Qc2 e5 26. dxe5 Bxe5 27. Bxb6 Qxb6 28. Bxg6+ Kg7 29. Rxf8 Kxf8 30. Rf1+ Kg7 31. Bxh5 Be6 32. Nf4 Bg8 33. Nd3 Bd4 34. e5 Rf8 35. Rxf8 Kxf8 36.
exd6 Be6 37. Qe2 Be3 38. Qf3+ Kg7 39. Qf6+ 1-0

[Event "Early-Titled-Tuesday-Blitz-January-23-2024"]
[Site "Chess.com"]
[Date "2024.01.23"]
[Round "4"]
[White "ValentunHulka"]
[Black "Njal28"]
[Result "0-1"]
[WhiteElo "2804"]
[BlackElo "3047"]
[TimeControl "180+1"]
[EndTime "8:37:16 PST"]
[Termination "Njal28 won by resignation"]

1. d4 Nf6 2. c4 c5 3. d5 g6 4. Nc3 d6 5. e4 Bg7 6. Be2 O-O 7. Be3 e6 8. Nf3 exd5 9. cxd5 Bg4 10. Nd2 Bxe2 11.
Qxe2 Nbd7 12. O-O a6 13. a4 Re8 14. f3 Rb8 15. a5 b5 16. axb6 Nxb6 17. Nc4 Nxc4 18. Qxc4 Rxb2 19. Rxa6 Nh5 20. Nb5 Qh4 21. Nxd6 Be5 22. f4 Nxf4 23. Rf2 Rb1+ 24. Rf1 Ne2+ 25.
Qxe2 Bxh2+ 26. Kh1 Bg3+ 0-1

[Event "Early-Titled-Tuesday-Blitz-January-23-2024"]
[Site "Chess.com"]
[Date "2024.01.23"]
[Round "4"]
[White "atalz0"]
[Black "kibromNNN"]
[Result "1-0"]
[WhiteElo "2457"]
[BlackElo "1647"]
[TimeControl "180+1"]
[EndTime "8:37:16 PST"]
[Termination "atalz0 won on time"]

1. d4 Nf6 2. c4 e6 3. Nc3 d5 4. cxd5 exd5 5. Bg5 c6 6. e3 Be7 7. Bd3 O-O 8. Nge2 Re8 9. O-O Nbd7 10. Qc2 Nf8 11. f3 h6 12. Bh4 a5 13. Rad1 N6h7 14. Bf2 Bf6 15. e4 Ng5 16. e5 Be7 17. f4 Nge6 18.
Kh1 Bh4 19. Bg1 Qc7 20. f5 Nd8 21. Nxd5 Qd7 22. Nb6 Qc7 23. Nxa8 Qb8 24. Nb6 Nd7 25. Nxd7 Bxd7 26. Nf4 Bg5 27. Be3 b5 28. Qf2 a4 29.
h4 1-0

[Event "Early-Titled-Tuesday-Blitz-January-23-2024"]
[Site "Chess.com"]
[Date "2024.01.23"]
[Round "4"]
[White "Korchmar_Vasiliy"]
[Black "GroovyKettle"]
[Result "0-1"]
[WhiteElo "2721"]
[BlackElo "2976"]
[TimeControl "180+1"]
[EndTime "8:37:20 PST"]
[Termination "GroovyKettle won by resignation"]

1. e4 e5 2. Nf3 Nc6 3. Bc4 Bc5 4. c3 Nf6 5. d3 h6 6. b4 Bb6 7. a4 a6 8. O-O d6 9. Nbd2 a5 10. b5 Ne7 11. Re1 O-O 12. Nf1 c6 13. Be3 Bc7 14.
Ng3 d5 15. Bb3 Ng6 16. h3 Re8 17. Qc2 Be6 18. bxc6 bxc6 19. Rad1 Qc8 20. d4 exd4 21. Nxd4 Bxg3 22. fxg3 Nxe4 23. Nxe6 Qxe6 24. c4 Rac8 25. cxd5 cxd5 26. Qd3 Rc3 27. Qb5 Nd6 28. Bxd5 Nxb5 29. Bxe6 Rxe6 30. axb5 Rcxe3 31. Rxe3 Rxe3 32. Ra1 Rxg3 33.
Rxa5 Rb3 34. Kf2 Nf4 35. h4 g6 36. g3 Ne6 37. h5 Kg7 38. hxg6 Kxg6 39. Kg2 Kg7 40. Kh2 Nd4 0-1

[Event "Early-Titled-Tuesday-Blitz-January-23-2024"]
[Site "Chess.com"]
[Date "2024.01.23"]
[Round "4"]
[White "Tsyhanchuk_Stanislav"]
[Black "Nellichka"]
[Result "1/2-1/2"]
[WhiteElo "2286"]
[BlackElo "1938"]
[TimeControl "180+1"]
[EndTime "8:37:23 PST"]
[Termination "Game drawn by repetition"]

1. e4 e6 2. d4 d5 3. Nc3 Bb4 4. e5 c5 5. Bd2 Ne7 6. Nb5 Bxd2+ 7. Qxd2 O-O 8. dxc5 Nd7 9. Nf3 Nxc5 10. Bd3 Qb6 11. O-O-O f6 12. exf6 Rxf6 13. Rhe1 Bd7 14. Nbd4 Rc8 15.
Kb1 Nxd3 16. Qxd3 Nc6 17. Ng5 g6 18. Ngxe6 Nb4 19. Qb3 Bxe6 20. Nxe6 Nxc2 21. Qxd5 Na3+ 22. Ka1 Nc2+ 23. Kb1 Na3+ 24. Ka1 Nc2+ 25. Kb1 1/2-1/2

[Event "Early-Titled-Tuesday-Blitz-January-23-2024"]
[Site "Chess.com"]
[Date "2024.01.23"]
[Round "4"]
[White "OneTrickPony_82"]
[Black "Chempiblinka"]
[Result "1-0"]
[WhiteElo "2523"]
[BlackElo "2315"]
[TimeControl "180+1"]
[EndTime "8:37:24 PST"]
[Termination "OneTrickPony_82 won on time"]

1. d4 Nf6 2. c4 g6 3. Nc3 Bg7 4.
e4 d6 5. Nf3 O-O 6. Be2 Bg4 7.
Be3 Nfd7 8. h4 h5 9. Ng5 Bxe2 10. Qxe2 c5 11. d5 Ne5 12. f3 Na6 13. g4 hxg4 14. h5 gxf3 15. Qh2 f2+ 16. Ke2 f5 17. hxg6 Rf6 18.
Ne6 Rxe6 19. dxe6 Ng4 20. Qh7+ Kf8 21. Nd5 Nb4 22. Bg5 Nxd5 23. exd5 b5 24. Rhf1 b4 25.
Rxf2 1-0

[Event "Early-Titled-Tuesday-Blitz-January-23-2024"]
[Site "Chess.com"]
[Date "2024.01.23"]
[Round "4"]
[White "masterofpuppets2"]
[Black "LuminaryHunter"]
[Result "1-0"]
[WhiteElo "2515"]
[BlackElo "2252"]
[TimeControl "180+1"]
[EndTime "8:37:24 PST"]
[Termination "masterofpuppets2 won by checkmate"]

1. d4 Nf6 2. c4 e6 3. Nf3 c5 4.
d5 exd5 5. cxd5 d6 6. Nc3 g6 7. h3 Bg7 8. e4 O-O 9. Be3 Re8 10. Bd3 Na6 11. O-O Nc7 12. a4 b6 13. Nd2 Rb8 14. Rb1 a6 15. b4 Nd7 16.
Qc2 cxb4 17. Rxb4 Nc5 18. Be2 a5 19. Rbb1 N7a6 20. Nb5 Nb4 21. Qc4 Ba6 22. Bd4 Nxe4 23. Nf3 Bxd4 24. Qxd4 Ng3 25. fxg3 Rxe2 26. Rbc1 Bxb5 27.
axb5 Qe8 28. Ng5 f5 29. Ne6 Nxd5 30. Qg7# 1-0

[Event "Early-Titled-Tuesday-Blitz-January-23-2024"]
[Site "Chess.com"]
[Date "2024.01.23"]
[Round "4"]
[White "scarabee43"]
[Black "bazar-wokzal"]
[Result "1-0"]
[WhiteElo "2813"]
[BlackElo "2562"]
[TimeControl "180+1"]
[EndTime "8:37:25 PST"]
[Termination "scarabee43 won on time"]

1. Nf3 c5 2. c4 g6 3. d4 Bg7 4. d5 d6 5. e4 e6 6. Nc3 Nf6 7. Be2 exd5 8. cxd5 O-O 9. O-O Na6 10. Bf4 Nc7 11.
Nd2 a6 12. a4 Nfe8 13. Nc4 f5 14. e5 g5 15. exd6 gxf4 16. dxc7 Qxc7 17. d6 Qd8 18. Nd5 Nxd6 19. Ndb6 Bd4 20. Nxa8 Be6 21. Nab6 Ne4 22. Ra3 Qh4 23. Qe1 Ng5 24. Bf3 Rf6 25.
Bd5 Rh6 26. Bxe6+ Kg7 27. h3 Rxe6 28. Qd1 f3 29. Rxf3 1-0

[Event "Early-Titled-Tuesday-Blitz-January-23-2024"]
[Site "Chess.com"]
[Date "2024.01.23"]
[Round "4"]
[White "koncheto"]
[Black "topce"]
[Result "1-0"]
[WhiteElo "2569"]
[BlackElo "2368"]
[TimeControl "180+1"]
[EndTime "8:37:25 PST"]
[Termination "koncheto won by checkmate"]

1. e4 c5 2. Nc3 Nc6 3. f4 e6 4. Bc4 Nge7 5. e5 d5 6. exd6 Nf5 7. d3 Bxd6 8. Nf3 a6 9. a4 Qc7 10. g3 h5 11. O-O h4 12. g4 Nfd4 13. Nxd4 Nxd4 14.
Ne4 Bd7 15. c3 Nc6 16. Nxd6+ Qxd6 17. f5 e5 18. Qf3 Na5 19. Bd5 f6 20. Be3 Bc6 21.
Bxc6+ Nxc6 22. Rad1 O-O-O 23. Qe4 h3 24. Rd2 Rh4 25. Rfd1 Qd5 26. Kf2 Qxe4 27. dxe4 Rxd2+ 28. Rxd2 Rxg4 29. Kf3 b6 30. Kxg4 Na5 31. Kxh3 Nc4 32. Re2 Kc7 33. Kg4 Kc6 34. Kh5 Nd6 35. Kg6 Nxe4 36. Kxg7 Kd5 37. h4 Ng3 38. Rf2 Ke4 39. Bc1 Nxf5+ 40. Rxf5 Kxf5 41. h5 Ke6 42. h6 f5 43. h7 f4 44. h8=Q f3 45. Qh3+ Kd5 46.
Qxf3+ e4 47. c4+ Kd4 48. Qc3# 1-0

[Event "Early-Titled-Tuesday-Blitz-January-23-2024"]
[Site "Chess.com"]
[Date "2024.01.23"]
[Round "4"]
[White "CristianS27"]
[Black "bolwin"]
[Result "1-0"]
[WhiteElo "2597"]
[BlackElo "2256"]
[TimeControl "180+1"]
[EndTime "8:37:26 PST"]
[Termination "CristianS27 won by resignation"]

1. e4 Nf6 2. e5 Nd5 3. d4 d6 4. Nf3 Bg4 5. Be2 e6 6. O-O Be7 7. exd6 cxd6 8. c4 Nf6 9. Nc3 O-O 10. h3 Bh5 11. Be3 d5 12. c5 Nc6 13. b4 a6 14. Rb1 Bg6 15. Bd3 Re8 16. a4 Ne4 17. Qc2 f5 18. b5 axb5 19. axb5 Na5 20. Ne5 Bf6 21. Bf4 Bxe5 22. Bxe5 Qg5 23. Rfc1 Bh5 24. c6 bxc6 25. b6 Bf3 26. Bf1 Nd2 27. g3 Nxb1 28. Rxb1 Be4 29. Nxe4 fxe4 30. b7 Nxb7 31. Rxb7 e3 32.
Rxg7+ Kf8 33. Rxg5 exf2+ 34. Qxf2+ 1-0

[Event "Early-Titled-Tuesday-Blitz-January-23-2024"]
[Site "Chess.com"]
[Date "2024.01.23"]
[Round "4"]
[White "eljanov"]
[Black "OparinGrigoriy"]
[Result "1-0"]
[WhiteElo "2866"]
[BlackElo "3024"]
[TimeControl "180+1"]
[EndTime "8:37:27 PST"]
[Termination "eljanov won by resignation"]

1. e4 c5 2. Nf3 e6 3. d4 cxd4 4. Nxd4 Nf6 5. Nc3 Nc6 6. a3 Be7 7. Be3 O-O 8. Be2 d6 9. Qd3 Bd7 10.
f4 e5 11. Nxc6 Bxc6 12. O-O-O Qc8 13. g4 Nxg4 14. Bxg4 Qxg4 15. Rhg1 Qh4 16. f5 Rad8 17. Qe2 g6 18. Rg4 Qh5 19. Qf3 Kh8 20. f6 Qxg4 21. Qxg4 Bxf6 22. Bg5 Bxg5+ 23. Qxg5 f6 24. Qe3 b6 25.
Nd5 Rd7 26. h4 Kg7 27. h5 g5 28. Qf3 Rdf7 29. Ne3 f5 30. Rxd6 Bxe4 31. Qg3 Kg8 32.
h6 f4 33. Qxg5+ Bg6 34. Ng4 f3 35. Nxe5 1-0